 Dungeon Crawl Stone Soup version 0.19.1 (console) character file.

8570 Morrissey the Carver (level 11, -1/92 HPs)
             Began as a Demonspawn Berserker on Dec 21, 2016.
             Was a High Priest of Trog.
             Killed from afar by an electric eel (13 damage)
             ... with a bolt of electricity
             ... on level 10 of the Dungeon.
             The game lasted 00:23:04 (9745 turns).

Morrissey the Carver (Demonspawn Berserker)         Turns: 9745, Time: 00:23:05

Health: -1/92      AC:  7    Str: 22    XL:     11   Next: 11%
Magic:  11/11      EV: 15    Int:  8    God:    Trog [*****.]
Gold:   464        SH:  0    Dex: 12    Spells: 0 memorised, 10 levels left

rFire  . . .     SeeInvis .     a - +3 scimitar
rCold  . . .     Gourm    .     L - +0 troll leather armour
rNeg   + . .     Faith    .     (no shield)
rPois  .         Spirit   .     P - +0 helmet
rElec  .         Reflect  .     (no cloak)
rCorr  .         Harm     .     t - +0 pair of gloves
MR     .....                    C - +0 pair of boots
Stlth  +.........               (no amulet)
                                (no ring)
                                f - ring of positive energy

@: no status effects
A: talons 2, repulsion field 2, powered by death 1, spiny 1
a: Berserk, Trog's Hand, Brothers in Arms, Burn Spellbooks, Renounce Religion


You were on level 10 of the Dungeon.
You worshipped Trog.
Trog was extremely pleased with you.
You were not hungry.

You visited 1 branch of the dungeon, and saw 10 of its levels.
You also visited: Sewer.

You collected 464 gold pieces.

Inventory:

Hand Weapons
 a - a +3 scimitar (weapon)
Armour
 q - a +0 scale mail
 t - a +0 pair of gloves (worn)
 C - a +0 pair of boots (worn)
 L - a +0 troll leather armour (worn)
 P - a +0 helmet (worn)
Jewellery
 f - a ring of positive energy (left hand)
 m - an uncursed ring of ice
 w - an uncursed ring of fire
Wands
 u - a wand of disintegration (2/24)
 y - a wand of random effects (18/48)
 F - a wand of teleportation (1/9)
 O - a wand of flame (19/48)
Scrolls
 b - a scroll of immolation {unknown}
 d - 5 scrolls of teleportation
 g - 2 scrolls of enchant armour {unknown}
 k - 2 scrolls of amnesia
 o - 2 scrolls of remove curse
 p - 3 scrolls of magic mapping {unknown}
 r - 2 scrolls of blinking {unknown}
 v - 5 scrolls of recharging {unknown}
 x - 3 scrolls of torment {unknown}
 G - a scroll of noise {unknown}
 H - 2 scrolls of fear {unknown}
 K - a scroll of random uselessness {unknown}
Potions
 e - 3 potions of lignification
 h - 6 potions of curing
 i - 5 potions of might {unknown}
 s - 5 potions of brilliance {unknown}
 z - 3 potions of agility
 A - 6 potions of flight {unknown}
 B - a potion of heal wounds
 D - a potion of ambrosia {unknown}
 E - a potion of cure mutation
 I - a potion of haste
 J - 2 potions of mutation {unknown}
 N - 2 potions of degeneration {unknown}
 R - a potion of berserk rage {unknown}
Comestibles
 c - 5 bread rations
 j - 2 slices of pizza
 l - 8 meat rations
 n - 7 chunks of flesh
 M - 7 royal jellies
 Q - 4 fruits


   Skills:
 + Level 10.5 Fighting
 * Level 12.8 Long Blades
 - Level 1.7 Armour
 - Level 1.7 Dodging


You had 10 spell levels left.
You didn't know any spells.

Dungeon Overview and Level Annotations

Branches:
Dungeon (10/15)            Temple (0/1) D:6             Orc (0/2) D:10
   Lair: D:8-11

Altars:
Fedhas
Gozag
Hepliaklqana
Makhleb
Nemelex Xobeh
Sif Muna
Trog

Shops:
D:9 (


Innate Abilities, Weirdness & Mutations

You have razor-sharp toenails.
You are surrounded by a moderate repulsion field. (EV +3)
You regenerate a little health from kills.
You are partially covered in sharp spines.


Message History

You enter the shallow water.
Moving in this stuff is going to be slow.
The wyvern skeleton bites you but does no damage.
The wyvern skeleton is struck by your spines.
The wyvern skeleton bites you!
* * * LOW HITPOINT WARNING * * *
You hit the electric eel but do no damage.
The wyvern skeleton is struck by your spines.
The wyvern skeleton bites you but does no damage.
The electric eel shoots out a bolt of lightning at you!
The bolt of electricity hits you!
* * * LOW HITPOINT WARNING * * *
Unknown command.
You completely miss the electric eel.
The wyvern skeleton is struck by your spines.
The wyvern skeleton bites you!
* * * LOW HITPOINT WARNING * * *
The electric eel shoots out a bolt of lightning at you!
The bolt of electricity hits you!
You die...

≈≈≈≈≈≈.PP♣ ♣♣♣
≈≈≈≈≈≈≈.P♣♣PP♣♣
.≈≈≈≈≈≈≈≈.......
...≈≈≈≈≈≈≈≈......P.
≈≈≈≈≈≈≈≈≈≈≈≈≈.......
####≈≈≈≈≈≈≈≈≈≈≈≈≈≈≈≈≈≈≈
...#≈≈≈.≈≈Z;≈≈≈≈≈≈≈≈≈≈≈
..#≈≈....≈@≈≈≈≈≈≈≈≈≈≈≈
..#≈≈......≈≈≈≈≈≈≈≈≈≈≈ ...
#≈...............≈≈≈
..###≈................)≈
#.#..≈≈.....8..........≈
#.#..≈≈..##...##......≈≈
#.#..≈...##...##......≈≈
#.#..≈................≈≈
#####.#...[.8..._...8....≈≈≈


You could see an electric eel and a wyvern skeleton.

Vanquished Creatures
  The ghost of CakeIsGreat the Digger, a novice GrEE of Vehumet (D:8)
  A cyclops (D:9)
  Psyche (D:10)
  A queen bee (D:9)
  2 trolls
  A two-headed ogre (D:9)
  A merfolk (D:10)
  2 hornets (D:9)
  2 wyverns
  A yak (D:10)
  An orc warrior (D:9)
  2 ice beasts (D:7)
  4 black bears (D:10)
  5 sky beasts
  3 phantoms
  A necrophage (D:10)
  2 ogres
  6 centaurs
  3 big kobolds
  Blork the orc (D:4)
  11 bullfrogs
  16 killer bees
  A scorpion (D:4)
  2 electric eels (D:10)
  5 howler monkeys (D:7)
  A centaur zombie (D:10)
  4 crimson imps
  2 orc priests (D:4)
  4 hounds
  10 orc wizards
  A bullfrog skeleton (D:10)
  2 iguanas
  9 worker ants
  A hound zombie (D:8)
  A howler monkey skeleton (D:9)
  7 gnolls
  13 adders
  7 river rats
  3 shadow imps
  An ooze (Sewer)
  2 worms
  6 dart slugs
  2 leopard geckos
  33 orcs
  5 bats
  3 giant cockroaches (D:4)
  4 goblins
  2 hobgoblins (D:2)
  4 jackals (D:1)
  4 quokkas
  6 ball pythons
  A frilled lizard (D:2)
  A giant cockroach zombie (D:5)
  22 kobolds
  23 rats
260 creatures vanquished.

Notes
Turn   | Place    | Note
-------+----------+-------------------------------------------
     0 | D:1      | Morrissey the Demonspawn Berserker began the quest for the Orb.
     0 | D:1      | Reached XP level 1. HP: 18/18 MP: 1/1
   443 | D:1      | Reached skill level 3 in Long Blades
   523 | D:1      | Gained mutation: You have sharp toenails. [demonic ancestry]
   523 | D:1      | Reached XP level 2. HP: 24/24 MP: 2/2
   829 | D:2      | Reached XP level 3. HP: 20/29 MP: 3/3
  1448 | D:2      | Reached ** piety under Trog
  1535 | D:2      | Found a blossoming altar of Fedhas.
  1550 | D:2      | Gained mutation: You are surrounded by a mild repulsion field. (EV +2) [demonic ancestry]
  1550 | D:2      | Reached XP level 4. HP: 37/37 MP: 4/4
  1590 | D:2      | Reached skill level 4 in Long Blades
  2352 | D:3      | Found a faded altar of an unknown god.
  2474 | D:4      | Noticed Blork the orc
  2480 | D:4      | Killed Blork the orc
  2480 | D:4      | Reached XP level 5. HP: 38/42 MP: 5/5
  2513 | D:4      | Reached skill level 5 in Long Blades
  2933 | D:4      | Noticed a phantom
  2985 | D:4      | Killed a phantom
  2985 | D:4      | Reached XP level 6. HP: 26/49 MP: 6/6
  3068 | D:4      | Found a glowing drain.
  3091 | Sewer    | Entered a sewer
  3373 | Sewer    | Reached *** piety under Trog
  3729 | Sewer    | Reached skill level 5 in Fighting
  3978 | Sewer    | Reached skill level 6 in Long Blades
  3981 | Sewer    | Gained mutation: You regenerate a little health from kills. [demonic ancestry]
  3981 | Sewer    | Reached XP level 7. HP: 56/56 MP: 7/7
  4700 | D:4      | Reached **** piety under Trog
  4879 | D:5      | Entered Level 5 of the Dungeon
  4952 | D:5      | Reached skill level 7 in Long Blades
  5398 | D:6      | Reached XP level 8. HP: 30/64 MP: 8/8
  5578 | D:6      | Found a staircase to the Ecumenical Temple.
  5818 | D:6      | Reached skill level 8 in Long Blades
  6262 | D:7      | HP: 2/100 [something (5)]
  6268 | D:7      | Reached skill level 9 in Long Blades
  6710 | D:7      | Gained mutation: You are partially covered in sharp spines. [demonic ancestry]
  6710 | D:7      | Reached XP level 9. HP: 71/72 MP: 9/9
  6759 | D:7      | Reached ***** piety under Trog
  7192 | D:8      | Noticed CakeIsGreat's ghost (novice GrEE)
  7209 | D:8      | Killed CakeIsGreat's ghost
  7209 | D:8      | Reached skill level 10 in Long Blades
  7333 | D:8      | Noticed a troll
  7345 | D:8      | Killed a troll
  7811 | D:9      | Reached skill level 11 in Long Blades
  7811 | D:9      | Gained mutation: You have razor-sharp toenails. [demonic ancestry]
  7811 | D:9      | Reached XP level 10. HP: 38/83 MP: 10/10
  8035 | D:9      | Noticed a cyclops
  8210 | D:9      | Killed a cyclops
  8417 | D:9      | Found Leikaps's Antique Weapon Shoppe.
  8587 | D:9      | Paralysed by a hornet for 1 turns
  8589 | D:9      | Reached skill level 12 in Long Blades
  8691 | D:9      | Found a sparkling altar of Nemelex Xobeh.
  8788 | D:9      | Found a burning altar of Makhleb.
  8789 | D:9      | Found a hazy altar of Hepliaklqana.
  8791 | D:9      | Found a bloodstained altar of Trog.
  8792 | D:9      | Found an opulent altar of Gozag.
  8944 | D:10     | Entered Level 10 of the Dungeon
  8961 | D:10     | Reached skill level 10 in Fighting
  9053 | D:10     | Received a gift from Trog
  9162 | D:10     | Found a staircase to the Orcish Mines.
  9334 | D:10     | Noticed Psyche
  9392 | D:10     | Killed Psyche
  9439 | D:10     | Gained mutation: You are surrounded by a moderate repulsion field. (EV +3) [demonic ancestry]
  9439 | D:10     | Reached XP level 11. HP: 83/92 MP: 11/11
  9715 | D:10     | Found a deep blue altar of Sif Muna.
  9745 | D:10     | Killed from afar by an electric eel

Skill      XL: |  1  2  3  4  5  6  7  8  9 10 |
---------------+-------------------------------+-----
Long Blades    | 3 4 5 6 7 9 11 12 | 12.8
Fighting       | 4 5 6 7 9 10 | 10.5
Armour         | |  1.7
Dodging        | |  1.7

Action                   |  1- 3 |  4- 6 |  7- 9 | 10-12 || total
-------------------------+-------+-------+-------+-------++-------
Melee: Falchion          |    91 |    46 |       |       ||   137
       Kick              |    23 |    71 |    38 |       ||   132
       Scimitar          |       |   176 |   320 |   180 ||   676
Invok: Berserk           |     4 |     1 |     7 |     3 ||    15
       Trog's Hand       |       |       |     1 |       ||     1
       Burn Spellbooks   |       |       |       |     1 ||     1
       Brothers in Arms  |       |       |       |     1 ||     1
Evoke: Wand              |       |     4 |       |     5 ||     9
  Use: Scroll            |       |       |    10 |     3 ||    13
       Potion            |       |       |       |     2 ||     2
  Eat: Chunk             |     5 |    10 |    19 |    10 ||    44
Armor: Animal skin       |    14 |    10 |       |       ||    24
       Scale mail        |       |    71 |    91 |       ||   162
       Troll leather arm |       |       |     1 |    29 ||    30
Dodge: Dodged            |    74 |   171 |   155 |   118 ||   518
       Rpst.: Falchion   |    20 |    12 |       |       ||    32
       Scimitar          |       |    30 |    45 |    39 ||   114
